 Dungeon Crawl Stone Soup version 0.31-a0-221-gbddc013574 (webtiles) character file.

Game seed: 5904121019391443163

102 qw the Shooter (level 4, 0/26 HPs)
             Began as a Gargoyle Hexslinger on July 4, 2023.
             Was an Initiate of Okawaru.
             Slain by a kobold brigand
             ... wielding a +0 whip
              (6 damage)
             ... on level 4 of the Dungeon.
             The game lasted 00:00:58 (2318 turns).

qw the Shooter (Gargoyle Hexslinger)                Turns: 2318, Time: 00:00:59

Health: 0/26       AC:  9    Str: 12    XL:     4   Next: 77%
Magic:  5/5        EV: 10    Int: 13    God:    Okawaru [......]
Gold:   106        SH:  0    Dex: 14    Spells: 4/5 levels left

rFire   + . .        h - +0 orcbow
rCold   . . .        (shield currently unavailable)
rNeg    + . .        k - +0 ring mail
rPois   inf          (no helmet)
rElec   +            m - +0 cloak
rCorr   .            (no gloves)
SInv    .            (no boots)
Will    .....        (no amulet)
Stlth   +            c - ring of protection from fire
HPRegen 0.24/turn    (no ring)
MPRegen 0.09/turn

%: no passive effects
@: about to teleport
A: sickness immunity, AC +3, negative energy resistance 1, electricity
resistance, torment resistance 1, petrification resistance
a: Renounce Religion


You were on level 4 of the Dungeon.
You worshipped Okawaru.
Okawaru was noncommittal.
You visited 1 branch of the dungeon, and saw 4 of its levels.

You collected 106 gold pieces.


Innate Abilities, Weirdness & Mutations

You are immune to sickness and miasma.
Your stone body is resilient. (AC +3)
You are immune to poison.
You resist negative energy. (rN+)
You are resistant to electric shocks. (rElec)
You are resistant to unholy torment.
You are immune to petrification.


   Skills:
 - Level 2.0 Fighting
 + Level 4.3 Ranged Weapons
 - Level 1.0 Armour
 - Level 1.5 Dodging
 - Level 1.0 Spellcasting
 - Level 2.6 Hexes


You had 4 spell levels left.
You knew the following spells:

 Your Spells              Type           Power      Damage    Failure   Level
a - Slow                  Hex            28%        N/A       22%         1

Your spell library contained the following spells:

 Spells                   Type           Power      Damage    Failure   Level
 Inner Flame              Hex/Fire       4%         N/A       73%         3
 Portal Projectile        Hex/Tloc       8%         N/A       73%         3
 Cause Fear               Hex            3%         N/A       91%         4

Inventory:

Hand Weapons
 h - a +0 orcbow (weapon)
Armour
 k - a +0 ring mail (worn)
 m - a +0 cloak (worn)
Jewellery
 c - a ring of protection from fire (left hand)
Scrolls
 i - a scroll of teleportation
Potions
 a - a potion of lignification {unknown}
 b - a potion of magic {unknown}
 d - a potion of ambrosia {unknown}
 e - 2 potions of mutation
 f - a potion of invisibility {unknown}
 g - a potion of enlightenment {unknown}
 j - a potion of curing {unknown}
 l - a potion of haste

Dungeon Overview and Level Annotations

Branches:
Dungeon (4/15)             Temple (0/1) D:4

Altars:
Okawaru


Message History

The kobold brigand closely misses you.
You shoot an arrow.
The arrow closely misses the kobold brigand.
The orc shouts!
You hear a shout!
The kobold brigand hits you with a +0 whip!
You shoot an arrow. The arrow hits the kobold brigand.
The kobold brigand is severely wounded.
The kobold brigand hits you with a +0 whip.
You shoot an arrow.
The arrow closely misses the kobold brigand.
The kobold brigand barely misses you. The kobold brigand closely misses you.
You shoot an arrow.
The arrow barely misses the kobold brigand.
The kobold brigand hits you with a +0 whip.
The jackal bites you but does no damage.
You shoot an arrow.
The arrow closely misses the kobold brigand.
The jackal bites you but does no damage.
The kobold brigand closely misses you.
The jackal bites you but does no damage.
The kobold brigand closely misses you.
You shoot an arrow. The arrow hits the kobold brigand.
The kobold brigand is almost dead.
The jackal closely misses you. The kobold brigand closely misses you.
An orc comes into view. It is wielding a +0 sling.
The jackal bites you.
You shoot an arrow. The orc shouts!
The arrow hits the kobold brigand.
The kobold brigand is almost dead.
You hear a bark!
The jackal bites you but does no damage.
The kobold brigand hits you with a +0 whip.
The jackal closely misses you.
2318 ||| READING 2 scrolls of teleportation.
As you read the scroll of teleportation, it crumbles to dust.
You feel strangely unstable.
The kobold brigand hits you with a +0 whip.
You die...

#..# ... .
##..#... .o
....... ##.##
.....####
...............
......#.#..#.#.
......hK....... #
#@...#.#.
#.####........
#.#...........
#.#.#.............
#......<..........
..#.#.##..........
# #..........
#.P.P......
###.##.....


You could see a kobold brigand, an orc and a jackal.

Vanquished Creatures
  4 adders
  4 worms
  2 dart slugs (D:2)
  5 ball pythons
  6 endoplasms
  2 giant cockroaches
  2 goblins (D:1)
  A jackal (D:4)
  3 quokkas
  6 bats
  4 frilled lizards
  9 kobolds
  3 rats
51 creatures vanquished.

Notes
Turn   | Place    | Note
-------+----------+-------------------------------------------
     0 | D:1      | qw the Gargoyle Hexslinger began the quest for the Orb.
     0 | D:1      | Reached XP level 1. HP: 12/12 MP: 2/2
     0 | D:1      | 0 ||| qw: Version: 0.3-a-41-g9d075ac
     0 | D:1      | 0 ||| qw: Game counter: 726
     0 | D:1      | 0 ||| qw: Melee chars always use a shield: true
     0 | D:1      | 0 ||| qw: God list: Okawaru
     0 | D:1      | 0 ||| qw: Allow faded altars: false
     0 | D:1      | 0 ||| qw: Do Orc after clearing Dungeon:15 true
     0 | D:1      | 0 ||| qw: Do second Lair branch before Depths: true
     0 | D:1      | 0 ||| qw: Lair rune preference: random
     0 | D:1      | 0 ||| qw: Goals: Normal
     0 | D:1      | 0 ||| PLANNING D:1-11
    62 | D:1      | Reached XP level 2. HP: 16/16 MP: 3/3
   168 | D:1      | Reached skill level 3 in Ranged Weapons
   477 | D:1      | 477 ||| UPGRADING to +0 ring mail.
   487 | D:1      | 487 ||| DROPPING +0 robe.
   488 | D:1      | 488 ||| READING scroll labelled QOLYGI IRUAT.
   489 | D:1      | 489 ||| READING scroll labelled BUAFUT ELESOTA.
   490 | D:1      | 490 ||| READING scroll labelled FAWETT BAJOT.
   491 | D:1      | 491 ||| READING 2 scrolls labelled ZUPOUCV CI HUHOHI.
   495 | D:1      | 495 ||| DRINKING 2 fizzy inky potions.
   496 | D:1      | 496 ||| DRINKING 2 fuming amethyst potions.
   496 | D:1      | Gained mutation: You are partially covered in large bone
                  | plates. (SH +4) [potion of mutation]
   496 | D:1      | Lost mutation: You are partially covered in large bone
                  | plates. (SH +4) [potion of mutation]
   497 | D:1      | 497 ||| DROPPING scroll of poison.
   498 | D:1      | 498 ||| DROPPING potion of brilliance.
   754 | D:2      | Reached XP level 3. HP: 21/21 MP: 4/4
   904 | D:2      | 904 ||| FLEEEEING.
   905 | D:2      | 905 ||| FLEEEEING.
   913 | D:2      | 913 ||| STAIRDANCE
   924 | D:1      | 924 ||| READING scroll labelled POIP CEZXE.
   925 | D:1      | 925 ||| READING scroll labelled VERINA CIOFEOL.
  1318 | D:2      | Reached XP level 4. HP: 26/26 MP: 5/5
  1464 | D:2      | 1464 ||| READING scroll labelled REESOU UDYKK.
  1465 | D:2      | 1465 ||| DRINKING 2 coppery potions.
  1564 | D:3      | 1564 ||| Stepping ~*~*~tactically~*~*~ (outnumbered).
  1594 | D:3      | Found an iron altar of Okawaru.
  1650 | D:3      | 1650 ||| PLANNING OKAWARU WORSHIP
  1650 | D:3      | 1650 ||| UPGRADING to ring of protection from fire.
  1652 | D:3      | Became a worshipper of Warmaster Okawaru
  1653 | D:3      | 1653 ||| PLANNING D:1-11
  1715 | D:3      | Reached skill level 4 in Ranged Weapons
  1884 | D:3      | 1884 ||| SWAPPING to +0 orcbow.
  1887 | D:3      | 1887 ||| DROPPING +2 sling.
  1894 | D:3      | Reached skill level 1 in Armour
  2282 | D:3      | 2282 ||| UPGRADING to +0 cloak.
  2296 | D:4      | Found a staircase to the Ecumenical Temple.
  2300 | D:4      | Noticed a kobold brigand
  2317 | D:4      | HP: 5/26 [kobold brigand/+0 whip (2)]
  2318 | D:4      | 2318 ||| READING 2 scrolls of teleportation.
  2318 | D:4      | Slain by a kobold brigand

Levels and vault maps discovered:
D:1:      kennysheep_arrival_forest, layout_rooms,
          hangedman_abyss_or_decor_stabs
D:2:      layout_basic
D:3:      minmay_spotlight, layout_basic, mainiacjoe_overflow_brackets
D:4:      layout_basic, chequers_temple_overflow_statue_of_worship,
          minmay_temple_entry_gardened_gates, minmay_manual_mess, uniq_ijyb

Skill      XL: |  1  2  3  4 |
---------------+-------------+-----
Ranged Weapons | 3 4 |  4.3
Fighting       | 2 |  2.0
Armour         | 1 |  1.0
Dodging        | |  1.5
Spellcasting   | |  1.0
Hexes          | |  2.6

Action                     |  1- 3 |  4- 6 || total
---------------------------+-------+-------++-------
   Fire: Sling             |   136 |    23 ||   159
         Orcbow            |       |    45 ||    45
    Use: Scroll            |     6 |     2 ||     8
         Potion            |     2 |     1 ||     3
 Armour: Robe              |     9 |       ||     9
         Ring mail         |    19 |    15 ||    34
  Dodge: Dodged            |    34 |    27 ||    61

Table legend:
 A = Non-vault XP
 B = Vault XP
 C = Vault XP percentage of total XP
 D = Non-vault monster count
 E = Vault monster count
 F = Vault count percentage of total count
                 A         B        C        D         E       F
            +---------+---------+-------+---------+---------+-------
      Total |     131 |      15 |  10.3 |      46 |       5 |   9.8
            +---------+---------+-------+---------+---------+-------
        D:1 |      31 |       0 |   0.0 |      20 |       0 |   0.0
        D:2 |      54 |       0 |   0.0 |      12 |       0 |   0.0
        D:3 |      44 |      15 |  25.4 |      13 |       5 |  27.8
        D:4 |       2 |       0 |   0.0 |       1 |       0 |   0.0
            +---------+---------+-------+---------+---------+-------
